Map: Thunderbird LE

Players

Baharott - Winner!

  • Race: Terran Terran
  • League: Master
  • Spawn Location: 5:00

Mez

  • Race: Terran Terran
  • League: Master
  • Spawn Location: 11:00

VOD

Have the link to the VOD?

Description

Time

  • Played on: Aug. 13, 2019, 2:13 p.m.
  • Length: 15:30
Show
View Real Time Build Order
Export as new Build Order

Baharott Terran - Winner!

Build Orders: Reaper Expand 

Get SALT Encoding   

  12  0:00  SCV  
  13  0:12  SCV  
  14  0:16  Supply Depot  
  14  0:25  SCV  
  15  0:38  SCV  
  15  0:41  Barracks  
  16  0:44  Refinery  
  16  0:51  SCV  
  17  1:03  SCV  
  18  1:15  SCV  
  19  1:28  Reaper, Orbital Command  
  20  1:40  Command Center  
  21  1:54  SCV  
  21  1:55  Supply Depot  
  21  2:01  Marine  
  21  2:06  Factory  
  22  2:09  SCV  
  22  2:14  Refinery  
  23  2:21  SCV  
  24  2:26  Barracks Reactor  
  24  2:33  SCV  
  25  2:45  SCV  
  26  2:51  Starport  
  26  2:55  Orbital Command  
  26  2:57  SCV  
  26  2:58  Factory Tech Lab  
  27  3:06  Bunker, Marine x2  
  27  3:10  SCV  
  30  3:17  Siege Tank  
  33  3:22  SCV x2  
  33  3:24  Marine x2  
  37  3:27  Supply Depot  
  37  3:33  Viking  
  39  3:39  SCV x2  
  41  3:49  Supply Depot  
  41  3:51  SCV x2  
  42  4:04  SCV x2  
  42  4:07  Command Center  
  44  4:13  Starport Reactor  
  44  4:15  Siege Tank, Marine x2  
  49  4:21  SCV x2  
  51  4:27  Supply Depot  
  51  4:33  SCV  
  51  4:34  SCV  
  53  4:39  Barracks  
  53  4:40  Barracks  
  53  4:45  SCV, Marine  
  53  4:46  SCV, Marine  
  53  4:48  Siege Tank  
  60  4:56  Engineering Bay  
  60  4:57  Engineering Bay  
  60  5:01  SCV x2  
  60  5:03  Viking  
  60  5:05  Viking  
  66  5:13  SCV x2  
  67  5:16  Refinery  
  67  5:17  Refinery  
  67  5:21  Siege Tank, Marine x2  
  67  5:26  Orbital Command  
  72  5:35  Barracks Reactor, Barracks Tech Lab  
  72  5:38  SCV x2  
  72  5:42  Marine x2  
  75  5:50  SCV x2  
  75  5:54  SCV, Barracks x2  
  77  5:57  Stimpack  
  77  6:02  SCV  
  78  6:06  Siege Tank  
  78  6:07  Bunker, Marine x2  
  78  6:10  Orbital Command  
  83  6:16  SCV x2  
  85  6:23  Terran Infantry Armor Level 1, Terran Infantry Weapons Level 1  
  85  6:26  Supply Depot  
  85  6:31  Factory  
  85  6:35  Supply Depot  
  85  6:37  Supply Depot  
  85  6:39  Refinery  
  85  6:42  Refinery  
  85  6:47  Siege Tank, SCV x3, Command Center  
  91  6:57  Sensor Tower  
  91  6:58  Barracks Reactor x2  
  91  6:59  SCV x3  
  94  7:07  Supply Depot x2  
  94  7:08  Supply Depot  
  94  7:11  SCV x3  
  94  7:15  Medivac x2  
  101  7:24  SCV x3  
  101  7:27  Factory Tech Lab  
  101  7:28  Missile Turret  
  104  7:33  Armory  
  104  7:34  Siege Tank  
  104  7:36  SCV x3  
  110  7:41  Marine  
  110  7:42  Missile Turret, Marine x5  
  116  7:46  Supply Depot  
  116  7:47  Supply Depot  
  116  7:48  Marine  
  116  7:49  Marine x2  
  119  7:58  Siege Tank  
  122  8:00  SCV x3  
  122  8:04  Missile Turret  
  125  8:06  Siege Tank  
  128  8:15  Marine  
  128  8:19  Marine x6  
  134  8:20  Terran Infantry Armor Level 2, Terran Infantry Weapons Level 2  
  134  8:22  Supply Depot  
  135  8:29  Sensor Tower, SCV x3  
  135  8:31  Planetary Fortress  
  138  8:37  Factory, Barracks  
  138  8:39  Barracks  
  138  8:40  Marine x3  
  141  8:42  Terran Vehicle Weapons Level 1  
  141  8:43  Siege Tank  
  141  9:09  Marine x4  
  139  9:10  Marine  
  139  9:14  Marine x4  
  139  9:15  Siege Tank x2  
  143  9:23  Factory Tech Lab  
  143  9:27  Marine x5  
  148  9:32  Marine x4  
  149  9:47  Siege Tank x2  
  149  9:48  Marine x5  
  149  9:49  Marine x2  
  160  10:00  Marine  
  160  10:03  Supply Depot  
  160  10:05  Supply Depot  
  160  10:06  Marine x2, Supply Depot  
  160  10:07  Marine x2  
  159  10:12  Marine  
  159  10:13  Marine x2  
  161  10:14  Command Center  
  161  10:19  Barracks Reactor  
  161  10:20  Barracks Reactor  
  161  10:24  Refinery  
  161  10:29  Refinery  
  161  10:31  Starport  
  161  10:32  Fusion Core, Starport x2  
  161  10:40  Marine x6  
  161  10:41  Siege Tank x2  
  173  10:53  Terran Infantry Armor Level 3, Terran Infantry Weapons Level 3, Terran Vehicle Weapons Level 2  
  167  11:32  Marine x9  
  150  11:35  Starport Tech Lab  
  150  11:36  Starport Reactor x2  
  155  11:43  Armory  
  155  11:48  Orbital Command  
  155  11:49  Missile Turret  
  155  11:57  Command Center  
  155  11:58  Command Center  
  155  12:00  Command Center  
  155  12:05  Refinery  
  155  12:06  Refinery  
  155  12:07  Liberator  
  155  12:08  Advanced Ballistics  
  155  12:23  Viking x4  
  155  12:26  Liberator x2  
  166  12:36  Liberator x2  
  172  12:45  Terran Ship Weapons Level 1  
  172  12:51  Liberator x2  
  172  12:52  Liberator  
  178  13:09  Terran Vehicle And Ship Armor Level 1  
  187  13:14  Orbital Command  
  187  13:15  Orbital Command x2  
  187  13:23  Missile Turret, Command Center  
  187  13:26  Viking x2  
  191  13:27  Missile Turret  
  191  13:29  Missile Turret  
  191  13:36  Viking x2  
  195  13:51  Viking x2  
  181  14:27  Viking  
  181  14:28  Viking x6  
  177  14:57  Viking  
  177  14:58  Viking x5  
Show
View Real Time Build Order
Export as new Build Order

Mez Terran 

Build Orders: Gas First Reaper Expand 

Get SALT Encoding   

  12  0:00  SCV  
  13  0:13  SCV  
  14  0:17  Supply Depot  
  14  0:25  SCV  
  15  0:29  Refinery  
  15  0:38  SCV  
  16  0:45  Barracks  
  16  0:52  SCV  
  17  1:04  SCV  
  18  1:17  SCV  
  19  1:32  Reaper  
  20  1:33  Orbital Command  
  20  1:43  Command Center  
  20  1:54  Factory  
  20  1:59  SCV  
  21  2:08  Barracks Reactor  
  21  2:10  Supply Depot  
  21  2:12  SCV  
  22  2:20  Refinery  
  22  2:24  SCV  
  23  2:36  SCV  
  24  2:51  Marine x2, Factory Tech Lab  
  24  2:52  SCV  
  27  3:05  SCV, Orbital Command  
  28  3:09  Marine x2  
  28  3:10  Cyclone  
  33  3:14  Starport  
  33  3:17  SCV  
  34  3:21  Refinery  
  34  3:29  SCV  
  34  3:30  Marine x2  
  34  3:32  SCV, Supply Depot  
  38  3:41  SCV  
  39  3:44  SCV  
  39  3:46  Siege Tank  
  43  3:53  SCV, Starport Tech Lab  
  43  3:55  Marine x2  
  46  3:56  SCV  
  46  4:01  Supply Depot  
  47  4:06  SCV  
  47  4:08  SCV  
  49  4:13  Raven, Marine x2  
  53  4:18  SCV  
  53  4:23  SCV, Supply Depot  
  55  4:26  Siege Tank  
  55  4:28  Supply Depot  
  55  4:30  SCV  
  59  4:35  SCV  
  60  4:39  Marine x2  
  60  4:44  SCV  
  63  4:47  SCV  
  63  4:50  Command Center  
  64  4:56  Supply Depot  
  64  4:57  Raven  
  66  5:04  Siege Tank  
  66  5:06  Marine x2  
  71  5:07  SCV x2  
  73  5:18  Barracks  
  73  5:19  SCV x2  
  73  5:20  Barracks  
  74  5:24  Marine x2  
  74  5:28  Refinery  
  76  5:29  Supply Depot  
  76  5:32  SCV x2  
  78  5:40  Engineering Bay  
  78  5:42  Engineering Bay  
  78  5:45  SCV x2  
  80  5:55  Siege Tank  
  80  5:56  Marine  
  85  5:57  SCV x2  
  85  5:58  Stimpack  
  85  5:59  Viking  
  89  6:05  Orbital Command  
  89  6:07  Barracks Reactor  
  89  6:08  Barracks Reactor  
  89  6:09  SCV  
  89  6:11  Viking  
  91  6:14  SCV, Marine  
  93  6:21  Supply Depot  
  93  6:22  Terran Infantry Armor Level 1, Terran Infantry Weapons Level 1  
  93  6:29  SCV x2  
  95  6:33  Viking  
  95  6:37  Refinery, SCV  
  98  6:41  Viking, SCV x2  
  98  6:45  Supply Depot  
  102  6:49  SCV  
  102  6:53  SCV x2  
  105  6:57  Siege Tank  
  108  7:02  SCV  
  108  7:05  SCV  
  108  7:06  SCV  
  111  7:10  Missile Turret  
  111  7:12  Marine x5  
  111  7:14  Viking x2, SCV  
  121  7:18  SCV x2  
  123  7:25  Missile Turret, Barracks, Supply Depot  
  123  7:26  SCV, Barracks  
  123  7:28  Supply Depot  
  124  7:30  SCV  
  125  7:38  Refinery  
  125  7:41  Command Center  
  125  7:43  SCV x3, Marine x4  
  132  7:48  Armory  
  132  7:50  Factory  
  132  7:53  Supply Depot  
  132  7:55  Supply Depot  
  132  7:57  Viking x2  
  136  8:12  Marine x4, Supply Depot  
  140  8:13  Barracks Reactor x2  
  140  8:14  Siege Tank  
  140  8:29  Supply Depot  
  140  8:30  Marine, Supply Depot  
  140  8:31  Marine x4  
  140  8:32  Medivac x2  
  149  8:40  Missile Turret  
  149  8:42  Missile Turret  
  149  8:44  Missile Turret  
  149  8:47  Missile Turret x2  
  149  8:48  Marine, Terran Infantry Weapons Level 2  
  149  8:49  Terran Infantry Armor Level 2  
  149  8:52  Terran Ship Weapons Level 1  
  150  8:58  Marine x8  
  155  9:06  Marine  
  155  9:09  Combat Shield  
  141  9:24  Marine x9  
  141  9:25  Siege Tank  
  141  9:26  Factory Tech Lab  
  141  9:28  Viking x2  
  142  9:57  Liberator  
  142  9:58  Liberator  
  132  10:07  Siege Tank x2  
  135  10:17  Marine x7  
  145  10:29  Marine  
  145  10:30  Marine  
  145  10:34  Barracks  
  145  10:35  Barracks x2  
  147  10:39  Siege Tank x2  
  147  10:40  Starport  
  147  10:41  Starport  
  147  10:42  Marine x5  
  158  10:51  Missile Turret  
  155  11:31  Siege Tank x2  
  136  11:40  Marine  
  136  11:41  Barracks Reactor x2, Marine x3  
  136  11:42  Barracks Reactor  
  136  11:43  Viking  
  136  11:44  Viking  
  136  11:46  Starport Tech Lab  
  146  11:50  Starport Reactor  
  144  11:54  Fusion Core  
  144  11:55  Command Center  
  144  11:58  Command Center  
  144  12:02  Planetary Fortress, Command Center  
  144  12:03  Siege Tank x2  
  144  12:04  Refinery  
  150  12:09  Sensor Tower  
  150  12:11  Refinery, Barracks  
  150  12:19  Viking  
  152  12:35  Siege Tank x2  
  158  12:37  Viking x3  
  158  12:42  Terran Ship Weapons Level 2  
  164  13:07  Siege Tank x2  
  164  13:09  Marine x6  
  164  13:10  Marine x3  
  164  13:12  Liberator x2  
  179  13:29  Viking x3  
  179  13:33  Orbital Command  
  191  13:34  Orbital Command  
  191  13:55  Sensor Tower  
  186  14:17  Starport  
  186  14:20  Starport  
  172  14:36  Viking x3  
  172  14:37  Viking  
  140  14:53  Marine x6  
  140  14:54  Viking  
  127  15:03  Marine x10  
  131  15:08  Starport Reactor x2  
  131  15:11  Marine x2  
Tags
 
Add a new tag
Caveats
  • Supply blocks, unpowered buildings, or Contaminate may cause inaccurate times.
  • Supply counts are checked every 10 seconds.